 Dungeon Crawl Stone Soup version 0.19.5 (webtiles) character file.

361 ghjk the Chopper (level 6, 0/53 HPs)
             Began as a Minotaur Fighter on Apr 22, 2017.
             Was a Follower of Okawaru.
             Slain by tricornhat's ghost (1 damage)
             ... in a sewer.
             The game lasted 00:06:00 (2191 turns).

ghjk the Chopper (Minotaur Fighter)                 Turns: 2191, Time: 00:06:01

Health: 0/53       AC:  9    Str: 23    XL:     6   Next: 38%
Magic:  5/5        EV:  7    Int:  5    God:    Okawaru [*.....]
Gold:   198        SH:  9    Dex:  9    Spells: 0 memorised, 5 levels left

rFire  . . .     SeeInvis .     a - +0 war axe
rCold  . . .     Gourm    .     b - +0 scale mail
rNeg   . . .     Faith    .     c - +0 shield
rPois  .         Spirit   .     (helmet restricted)
rElec  .         Reflect  .     (no cloak)
rCorr  +         Harm     .     (no gloves)
MR     .....                    i - +1 pair of boots
Stlth  ..........               (no amulet)
                                p - ring of flight
                                o - ring of resist corrosion

@: drained
A: retaliatory headbutt, horns 2
a: Heroism, Renounce Religion, Evoke Flight


You were in a sewer.
You worshipped Okawaru.
Okawaru was aware of your devotion.
You were hungry.

You visited 1 branch of the dungeon, and saw 4 of its levels.
You also visited: Sewer.

You collected 198 gold pieces.

Inventory:

Hand Weapons
 a - a +0 war axe (weapon)
Armour
 b - a +0 scale mail (worn)
 c - a +0 shield (worn)
 i - a +1 pair of boots (worn)
Jewellery
 o - a ring of resist corrosion (left hand)
 p - a ring of flight (right hand)
Potions
 d - a potion of brilliance {unknown}
 j - 4 potions of haste
 k - 2 potions of cancellation
 l - a potion of agility {unknown}
 m - a potion of lignification {unknown}
 n - a potion of cure mutation {unknown}
 s - a potion of berserk rage {unknown}
Comestibles
 f - 2 bread rations
 h - a meat ration


   Skills:
 + Level 4.3(4.1) Fighting
 * Level 7.0(6.7) Axes
 + Level 5.0(4.8) Armour
 - Level 3.6(3.3) Shields


You had 5 spell levels left.
You didn't know any spells.

Dungeon Overview and Level Annotations

Branches:
Dungeon (4/15)
 Temple: D:4-7

Altars:
Okawaru

Annotations:
Sewer tricornhat's ghost, novice DsIE


Innate Abilities, Weirdness & Mutations

You reflexively headbutt those who attack you in melee.
You have a pair of horns on your head.


Message History

You are too injured to fight recklessly!
You hit tricornhat's ghost but do no damage.
Tricornhat's ghost is heavily damaged.
Tricornhat's ghost barely misses you.
You hit tricornhat's ghost.
Tricornhat's ghost is severely damaged.
Tricornhat's ghost points at you and mumbles some strange words.
You are frozen.
* * * LOW HITPOINT WARNING * * *
Unknown command.
You closely miss tricornhat's ghost. You headbutt tricornhat's ghost!
Tricornhat's ghost is almost destroyed.
Tricornhat's ghost hits you.
* * * LOW HITPOINT WARNING * * *
Tricornhat's ghost freezes you.
* * * LOW HITPOINT WARNING * * *
Tricornhat's ghost hits you.
* * * LOW HITPOINT WARNING * * *
Space bends around you.
You die...

##################### #
##....≈≈≈≈≈≈≈≈≈≈≈≈≈≈≈#.##
#....≈≈≈≈≈≈≈≈.≈≈≈≈≈≈≈≈...
#..∩.≈≈≈≈≈≈#≈≈≈≈≈≈≈≈≈≈...
#..∩..≈≈≈≈≈≈#≈≈≈†≈≈≈≈≈...
#....≈≈≈≈≈≈≈≈≈≈@W≈≈≈≈≈...
##....≈≈≈≈≈≈≈≈≈≈≈≈≈≈≈#...
##################### .


You could see tricornhat's ghost.

Vanquished Creatures
  An ogre (D:4)
  A hound (D:4)
  Terence (D:3)
  Ijyb (D:2)
  A worker ant (D:4)
  An orc wizard (D:3)
  5 adders
  A river rat (Sewer)
  2 oozes
  A worm (D:2)
  2 dart slugs
  2 leopard geckos
  3 orcs (D:3)
  2 ball pythons
  5 bats
  3 giant cockroaches (D:4)
  6 goblins
  7 hobgoblins
  12 kobolds
  2 quokkas (D:2)
  4 frilled lizards
  15 rats
78 creatures vanquished.

Notes
Turn   | Place    | Note
-------+----------+-------------------------------------------
     0 | D:1      | ghjk the Minotaur Fighter began the quest for the Orb.
     0 | D:1      | Reached XP level 1. HP: 19/19 MP: 0/0
   327 | D:1      | Reached XP level 2. HP: 27/27 MP: 1/1
   431 | D:1      | Found an iron altar of Okawaru.
   446 | D:1      | Became a worshipper of Warmaster Okawaru
   542 | D:2      | Reached skill level 3 in Axes
   550 | D:2      | Reached XP level 3. HP: 29/33 MP: 2/2
   593 | D:2      | Noticed Ijyb
   603 | D:2      | Killed Ijyb
   603 | D:2      | Reached skill level 4 in Axes
   668 | D:2      | Reached XP level 4. HP: 35/40 MP: 3/3
  1262 | D:3      | Reached skill level 5 in Axes
  1690 | D:3      | Reached XP level 5. HP: 42/46 MP: 4/4
  1831 | D:3      | Noticed Terence
  1853 | D:3      | Killed Terence
  2011 | D:4      | Found a glowing drain.
  2020 | D:4      | Noticed an ogre
  2030 | D:4      | Killed an ogre
  2030 | D:4      | Reached * piety under Okawaru
  2030 | D:4      | Reached skill level 6 in Axes
  2030 | D:4      | Reached XP level 6. HP: 32/53 MP: 5/5
  2071 | D:4      | Reached skill level 5 in Armour
  2137 | Sewer    | Entered a sewer
  2165 | Sewer    | Noticed tricornhat's ghost (novice DsIE)
  2175 | Sewer    | Reached skill level 7 in Axes
  2191 | Sewer    | HP: 1/53 [tricornhat's ghost (2)]
  2191 | Sewer    | Slain by tricornhat's ghost

Skill      XL: |  1  2  3  4  5  6 |
---------------+-------------------+-----
Armour         | 4 5 |  5.0
Axes           | 3 4 5 6 7 |  7.0
Fighting       | 4 |  4.3
Shields        | |  3.6

Action                   |  1- 3 |  4- 6 || total
-------------------------+-------+-------++-------
Melee: War axe           |    77 |   102 ||   179
       Headbutt          |     8 |    23 ||    31
       Hand axe          |       |    54 ||    54
  Use: Scroll            |       |     5 ||     5
       Potion            |       |     5 ||     5
  Eat: Chunk             |       |     4 ||     4
Armor: Scale mail        |    39 |    69 ||   108
Dodge: Dodged            |    19 |    41 ||    60
Block: Shield            |    40 |    74 ||   114
